 Dungeon Crawl Stone Soup version 0.20.1-1-g8b1a95d (webtiles) character file.

78 OneorTwo the Caller (level 4, 0/24 HPs)
             Began as a Tengu Summoner on July 28, 2017.
             Was an Initiate of Okawaru.
             Slain by a sky beast (5 damage)
             ... on level 2 of the Dungeon.
             The game lasted 00:18:35 (2485 turns).

OneorTwo the Caller (Tengu Summoner)                Turns: 2485, Time: 00:18:36

Health: 0/24       AC:  6    Str:  8    XL:     4   Next: 36%
Magic:  6/8        EV: 10    Int: 16    God:    Okawaru [......]
Gold:   58         SH:  0    Dex: 15    Spells: 6/7 levels left

rFire    . . .     SeeInvis .   n - +0 spear
rCold    . . .     Gourm    .   (no shield)
rNeg     . . .     Faith    .   h - +0 ring mail
rPois    .         Spirit   .   (helmet restricted)
rElec    .         Reflect  .   (no cloak)
rCorr    .         Harm     .   p - +0 pair of gloves
MR       .....                  (boots unavailable)
Stlth    +.........             (no amulet)
Regen    0.1/turn               (no ring)
MPRegen  0.2/turn               (no ring)

@: no status effects
A: beak, talons 3
a: Renounce Religion


You were on level 2 of the Dungeon.
You worshipped Okawaru.
Okawaru was noncommittal.
You were hungry.

You visited 1 branch of the dungeon, and saw 3 of its levels.

You collected 58 gold pieces.

Inventory:

Hand Weapons
 i - a +1 club
 n - a +0 spear (weapon)
Missiles
 o - 56 stones (quivered)
Armour
 h - a +0 ring mail (worn)
 p - a +0 pair of gloves (worn)
Scrolls
 f - 2 scrolls of identify
 m - 2 scrolls of amnesia
Potions
 e - a potion of curing
 g - a potion of haste {unknown}
 l - 2 potions of heal wounds {unknown}
Books
 b - a book of Callings

   Spells                             Type                      Level
   a - Summon Small Mammal            Summoning                    1
   b - Call Imp                       Summoning                    2
   c - Call Canine Familiar           Summoning                    3
   d - Summon Guardian Golem          Hexes/Summoning              3
   e - Summon Lightning Spire         Summoning/Air                4
   f - Summon Ice Beast               Ice/Summoning                4
Comestibles
 c - 3 bread rations
 d - a meat ration
 j - a fruit
 k - a chunk of flesh


   Skills:
 - Level 0.2 Maces & Flails
 * Level 0.9 Polearms
 - Level 2.1 Dodging
 - Level 2.0 Stealth
 - Level 2.0 Spellcasting
 - Level 6.7 Summonings


You had 6 spell levels left.
You knew the following spells:

 Your Spells              Type           Power        Failure   Level  Hunger
a - Summon Small Mammal   Summ           ###.         4%          1    #......


Dungeon Overview and Level Annotations

Branches:
Dungeon (3/15)

Altars:
Okawaru
Yredelemnul

Annotations:
D:3 tschems's ghost, amateur HuFi


Innate Abilities, Weirdness & Mutations

You have a beak for a mouth.
You have claws for feet.


Message History

Your quokka closely misses the sky beast.
The sky beast flickers out of sight!
Deactivating autopickup; reactivate with Ctrl-A.
Your quokka bites something.
A sky beast appears from thin air!
Reactivating autopickup.
Your quokka disappears in a puff of smoke!
The sky beast flickers out of sight!
Deactivating autopickup; reactivate with Ctrl-A.
A sky beast appears from thin air!
Reactivating autopickup.
Casting: Summon Small Mammal
Confirm with . or Enter, or press ? or * to list all spells.
The sky beast closely misses you.
Casting: Summon Small Mammal
Confirm with . or Enter, or press ? or * to list all spells.
The sky beast hits you.
* * * LOW HITPOINT WARNING * * *
The sky beast shocks you.
You die...

.........#####.........#.## #.
#...#...####.........#...### ##
#########............#≈....######
#.# #........#..........)#...##..
..# ####..##.....................
### #..###.................... #
#####..# #......>.....>......r #
#......# ###..Y...............
#.##.÷.## #.@r...........<#..
#.......####.....#...##...##..
#..............r..............
####.......####......##..####....
....................)..........##
####.#.##.......#.###....###.....
##....................##.#.......
........#########.###......#.#...
........# #.##.........#...


You could see a sky beast, a friendly quokka and a friendly rat.

Vanquished Creatures
  2 adders (D:2)
  An ooze (D:1)
  6 bats
  A giant cockroach (D:1)
  3 goblins
  4 hobgoblins
  A quokka (D:3)
  11 frilled lizards (D:2)
  3 kobolds
  3 rats (D:2)
35 creatures vanquished.

Vanquished Creatures (collateral kills)
  2 adders (D:2)
  A leopard gecko (D:2)
  3 goblins
  4 hobgoblins
  3 kobolds
  A ball python (D:1)
  3 bats
  5 frilled lizards
  3 rats
25 creatures vanquished.

Grand Total: 60 creatures vanquished

Notes
Turn   | Place    | Note
-------+----------+-------------------------------------------
     0 | D:1      | OneorTwo the Tengu Summoner began the quest for the Orb.
     0 | D:1      | Reached XP level 1. HP: 10/10 MP: 4/4
   118 | D:1      | Reached skill level 5 in Summonings
   525 | D:1      | Reached XP level 2. HP: 15/15 MP: 6/6
  1432 | D:2      | Reached XP level 3. HP: 9/19 MP: 2/7
  1587 | D:2      | Reached skill level 6 in Summonings
  1662 | D:2      | Found an iron altar of Okawaru.
  1670 | D:2      | Became a worshipper of Warmaster Okawaru
  1714 | D:2      | Found a basalt altar of Yredelemnul.
  1895 | D:2      | Reached XP level 4. HP: 24/24 MP: 2/8
  2303 | D:3      | Noticed a sky beast
  2304 | D:3      | Noticed tschems's ghost (amateur HuFi)
  2485 | D:2      | Slain by a sky beast

Skill      XL: |  1  2  3 |
---------------+----------+-----
Summonings     | 5 6 |  6.7
Maces & Flails | |  0.2
Polearms       | |  0.9
Dodging        | |  2.1
Stealth        | |  2.0
Spellcasting   | |  2.0

Action                   |  1- 3 |  4- 6 || total
-------------------------+-------+-------++-------
Melee: Unarmed           |    14 |       ||    14
       Kick              |    12 |     5 ||    17
       Club              |    23 |       ||    23
       Peck              |     3 |     3 ||     6
       Spear             |    38 |    58 ||    96
 Cast: Summon Small Mamm |    64 |    25 ||    89
  Use: Scroll            |     7 |     2 ||     9
 Stab: Sleeping          |     2 |       ||     2
  Eat: Chunk             |     4 |     2 ||     6
Armor: Robe              |    10 |       ||    10
       Ring mail         |    25 |    32 ||    57
Dodge: Dodged            |    57 |    18 ||    75
